 Dungeon Crawl Stone Soup version 0.26-a0-812-g31a745ddcd (webtiles) character file.

Game seed: 18221604013299383654

1660933 EnegeticOcto the Imperceptible (level 23, 166/185 HPs)
             Began as a Vampire Earth Elementalist on Nov 12, 2020.
             Was the Champion of Dithmenos.
             Escaped with the Orb
             ... and 3 runes on Nov 14, 2020!
             The game lasted 01:55:13 (61201 turns).

EnegeticOcto the Imperceptible (VpEE)              Turns: 61201, Time: 01:55:13

Health: 166/185    AC: 26    Str:  7    XL:     23   Next: 43%
Magic:  31/32      EV: 23    Int: 23    God:    Dithmenos [******]
Gold:   2412       SH: 21    Dex: 23    Spells: 12/32 levels left

rFire    + . .     SeeInvis +   k - +7 short sword (distort)
rCold    + . .     Faith    .   s - +0 kite shield
rNeg     + . .     Spirit   +   J - +2 acid dragon scales
rPois    +         Reflect  .   S - -2 hat of the Alchemist {rElec rPois rF+ rC+ rN+ MR+ rMut rCorr}
rElec    +         Harm     .   y - +2 cloak
rCorr    +         Rampage  .   L - +2 pair of gloves
rMut     +                      h - +2 pair of boots
MR       +++..                  b - brooch of Shielding {Spirit SH+8}
Stlth    ++++++....             x - +4 ring of protection
HPRegen  0.60/turn              D - +4 ring of protection
MPRegen  0.23/turn

@: regenerating quickly, wreathed by umbra
A: fangs 3, see invisible, agile 1, clever 1, electricity resistance,
unbreathing
0: Orb of Zot
}: 3/15 runes: decaying, barnacled, abyssal
a: Exsanguinate, Shadow Step, Shadow Form, Renounce Religion


You escaped.
You worshipped Dithmenos.
Dithmenos was exalted by your worship.
You visited 9 branches of the dungeon, and saw 47 of its levels.
You visited the Abyss 1 time.
You also visited: Wizlab.

You collected 6119 gold pieces.
You spent 3707 gold pieces at shops.

Inventory:

Hand Weapons
 k - a +7 short sword of distortion (weapon)
   (You found it on level 12 of the Dungeon)
Missiles
 a - 8 curare-tipped darts
 q - 13 throwing nets {!f}
 v - 1128 stones (quivered)
Armour
 h - a +2 pair of boots (worn)
   (You found it on level 1 of the Dungeon)
 s - a +0 kite shield (worn)
   (You took it off a vault warden on level 4 of the Vaults)
 y - a +2 cloak (worn)
   (You found it on level 5 of the Dungeon)
 J - +2 acid dragon scales (worn)
   (You found it on level 11 of the Dungeon)
 L - a +2 pair of gloves (worn)
   (You found it on level 1 of the Lair of Beasts)
 S - the -2 hat of the Alchemist (worn) {rElec rPois rF+ rC+ rN+ MR+ rMut rCorr}
   (You bought it in a shop on level 4 of the Dungeon)

   It protects you from fire.
   It protects you from cold.
   It insulates you from electricity.
   It protects you from poison.
   It protects you from negative energy.
   It affects your resistance to hostile enchantments.
   It provides partial protection from all sources of acid and corrosion.
   It protects you from mutation.
Jewellery
 b - the brooch of Shielding (around neck) {Spirit SH+8}
   (You bought it in a shop on level 7 of the Dungeon)

   [amulet of guardian spirit]

   It causes incoming damage to be split between your health and magic.
   It affects your SH (+8).
 e - the ring "Dafuonoa" {*Tele +Blink rF- rN+}
   (You found it on level 3 of the Vaults)

   [ring of teleportation]

   It may teleport you next to monsters.
   It makes you vulnerable to fire.
   It protects you from negative energy.
   It lets you blink.
 x - a +4 ring of protection (left hand)
   (You found it on level 10 of the Dungeon)
 D - a +4 ring of protection (right hand)
   (You bought it in a shop on level 7 of the Dungeon)
Wands
 l - a wand of paralysis (17)
   (You found it on level 14 of the Dungeon)
 n - a wand of acid (2) {@v1}
   (You found it on level 4 of the Realm of Zot)
 u - a wand of iceblast (29) {@v2}
   (You found it on level 3 of the Dungeon)
 F - a wand of digging (23) {@v3}
   (You found it on level 8 of the Dungeon)
 X - a wand of enslavement (18)
   (You found it on level 1 of the Swamp)
 Z - a wand of polymorph (14)
   (You found it on level 4 of the Vaults)
Scrolls
 c - a scroll of vulnerability
 g - a scroll of blinking {@r4}
 o - 5 scrolls of summoning
 p - 4 scrolls of immolation
 t - 7 scrolls of teleportation {@r3 !r}
 w - 5 scrolls of fog {!r}
 I - 3 scrolls of fear {!r}
 M - 2 scrolls of identify {@r1}
 T - 5 scrolls of holy word
 Y - 2 scrolls of silence
Potions
 d - 5 potions of attraction
 f - 6 potions of flight
 m - 5 potions of curing {@q1 !q}
 r - 5 potions of resistance
 z - 8 potions of haste {@q4 !q}
 A - 6 potions of lignification {@q6}
 B - 4 potions of brilliance
 C - 3 potions of ambrosia
 E - 23 potions of mutation
 G - 4 potions of cancellation
 H - 6 potions of magic
 K - 2 potions of invisibility
 N - 3 potions of berserk rage
 P - a potion of heal wounds {@q2 !q}
 Q - 3 potions of might {@q3 !q}
Miscellaneous
 i - a condenser vane
   (You found it on level 3 of the Vaults)
 O - a box of beasts
   (You found it on level 14 of the Dungeon)
 R - a phial of floods
   (You found it on level 5 of the Lair of Beasts)
 U - a phantom mirror
   (You found it on level 4 of the Shoals)
 V - a lightning rod (4/4)
   (You found it on level 15 of the Dungeon)
 W - a tin of tremorstones (2/2)
   (You bought it in a shop on level 1 of the Shoals)


   Skills:
 + Level 16.3 Fighting
 - Level 12.6 Short Blades
 - Level 8.0 Armour
 - Level 15.0 Dodging
 + Level 23.9 Stealth
 * Level 14.1 Shields
 - Level 5.0 Spellcasting
 - Level 7.0 Conjurations
 - Level 13.0 Transmutations
 - Level 10.0 Earth Magic
 - Level 13.0 Invocations
 - Level 12.0 Evocations


You had 12 spell levels left.
You knew the following spells:

 Your Spells              Type           Power        Failure   Level
a - Sandblast             Erth           ######       1%          1
b - Stone Arrow           Conj/Erth      #####.       1%          3
c - Petrify               Tmut/Erth      ######..     1%          4
d - Lee's Rapid Deconstr  Erth           ######....   9%          5
e - Irradiate             Conj/Tmut      ######....   9%          5
p - Passwall              Tmut/Erth      ######..     1%          2

Your spell library contained the following spells:

 Spells                   Type           Power        Failure   Level
 Beastly Appendage        Tmut           ######       1%          1
 Magic Dart               Conj           ####         1%          1
 Searing Ray              Conj           #####.       1%          2
 Wereblood                Tmut           ######..     1%          2
 Blade Hands              Tmut           ######....   2%          5
 Spider Form              Tmut/Pois      #####.....   3%          3
 Foxfire                  Conj/Fire      ###.         4%          1
 Shock                    Conj/Air       ###.         4%          1
 Ice Form                 Ice/Tmut       #####...     12%         4
 Conjure Flame            Conj/Fire      ###.....     13%         3
 Dazzling Flash           Conj/Hex       ###...       13%         3
 Static Discharge         Conj/Air       ###.....     13%         3
 Hydra Form               Tmut           ######....   13%         6
 Corona                   Hex            #......      19%         1
 Pain                     Necr           #...         19%         1
 Summon Small Mammal      Summ           #...         19%         1
 Leda's Liquefaction      Hex/Erth       ####......   22%         4
 Statue Form              Tmut/Erth      ######...    24%         6
 Call Imp                 Summ           #.......     26%         2
 Corpse Rot               Necr/Air       N/A          26%         2
 Ensorcelled Hibernation  Hex/Ice        #.....       26%         2
 Swiftness                Air            #.......     26%         2
 Yara's Violent Unravell  Hex/Tmut       #####.....   34%         5
 Fulminant Prism          Conj/Hex       ###.......   38%         4
 Iskenderun's Mystic Bla  Conj/Tloc      ###.....     38%         4
 Sticky Flame             Conj/Fire      ###.....     38%         4
 Bolt of Magma            Conj/Fire/Erth ####......   45%         5
 Call Canine Familiar     Summ           #.......     47%         3
 Confusing Touch          Hex            #.......     47%         3
 Gell's Gravitas          Tloc           #.........   47%         3
 Inner Flame              Hex/Fire       #.......     47%         3
 Summon Guardian Golem    Hex/Summ       #.......     47%         3
 Tukima's Dance           Hex            #.......     47%         3
 Dragon Form              Tmut           ######....   58%         7
 Iron Shot                Conj/Erth      #####.....   63%         6
 Fireball                 Conj/Fire      ###.......   75%         5
 Lightning Bolt           Conj/Air       ###.......   75%         5
 Airstrike                Air            #.........   87%         4
 Dispel Undead            Necr           #.......     87%         4
 Summon Ice Beast         Ice/Summ       #.......     87%         4
 Summon Lightning Spire   Summ/Air       #.......     87%         4
 Eringya's Noxious Bog    Tmut/Pois      #####.....   88%         6
 Excruciating Wounds      Necr           #.........   99%         5
 Metabolic Englaciation   Hex/Ice        #.........   99%         5
 Silence                  Hex/Air        #.........   99%         5
 Summon Forest            Summ/Tloc      #.........   99%         5
 Conjure Ball Lightning   Conj/Air       ###.......   100%        6
 Malign Gateway           Summ/Tloc      #.........   100%        7
 Monstrous Menagerie      Summ           #.........   100%        7
 Summon Greater Demon     Summ           #.........   100%        7
 Summon Hydra             Summ           #.........   100%        7
 Summon Horrible Things   Summ           #.........   100%        8
 Shatter                  Erth           ######....   100%        9
 Tornado                  Air            #.........   100%        9


Dungeon Overview and Level Annotations

Branches:
Dungeon (15/15)            Temple (1/1) D:4            Lair (6/6) D:11
  Swamp (4/4) Lair:3       Shoals (4/4) Lair:3        Slime (0/5) Lair:6
    Orc (2/2) D:9             Elf (0/3) Orc:2        Vaults (5/5) D:13
  Crypt (0/3) Vaults:3     Depths (5/5) D:15            Zot (5/5) Depths:5
 WizLab (visited)

Altars:
Cheibriados
Dithmenos
Fedhas
Gozag
Hepliaklqana
Kikubaaqudgha
Makhleb
Nemelex Xobeh
Qazlal
Ru
Sif Muna
Trog
Uskayaw
Vehumet
Wu Jian
Xom
Yredelemnul
The Shining One

Shops:
D:4 [   D:7 =   D:10 ??   Orc:2 :*[(   Shoals:1 }(!}(   Vaults:1 *
Depths:4 }=}

Portals:
Hell: Depths:2 Depths:5
Abyss: Depths:4
Pandemonium: Depths:5
Ziggurat: Depths:5

Annotations:
D:8 exclusion: statue
Lair:3 3 runed translucent doors, Leupn's ghost, journeyman GnSk
Orc:1 1 runed translucent door, Thargor's ghost, journeyman MiFi
Vaults:5 Mara
Depths:5 1 exclusion
Zot:4 1 exclusion
Zot:5 2 exclusions
Abyss:1 Donald; Kirke; Polyphemus; Urug


Innate Abilities, Weirdness & Mutations

Your natural rate of healing is unusually fast.
You have razor-sharp teeth.
You have supernaturally acute eyesight. (SInv)
You can survive without breathing.
You are agile. (Dex +2)
Your mind is acute. (Int +2)
You are resistant to electric shocks. (rElec)


Message History

The hellion is lightly wounded.
Your shadow hits the hellion with a short sword.
You puncture the hellion!
The hellion is heavily wounded.
You block the hellion's attack.
You hit the hellion.
Space warps horribly around the hellion!
You bite the hellion, but do no damage.
The hellion is almost dead.
You closely miss the hellion. You bite the hellion, but do no damage.
The hellion is almost dead.
Your shadow hits the hellion but does no damage.
The hellion completely misses you.
You hit the hellion.
You kill the hellion!
Dithmenos accepts your kill.
No target in view!
(D) Dungeon (T) Temple (L) Lair (S) Swamp (A) Shoals (M) Slime Pits (O) Orcish Mines (E) Elven Halls (V) Vaults (C) Crypt (U) Depths (H) Hell (Z) Zot
Where to? (Enter - D:1 @ (x,y), ? - help)
A reaper comes into view.
It is wielding a +2 scythe of protection.
The reaper moves out of view.
There is a stone staircase leading up here.
(D) Dungeon (T) Temple (L) Lair (S) Swamp (A) Shoals (M) Slime Pits (O) Orcish Mines (E) Elven Halls (V) Vaults (C) Crypt (U) Depths (H) Hell (Z) Zot
Where to? (Enter - D:1 @ (x,y), ? - help)
You climb upwards.
There is a stone staircase leading down here.
There is a stone staircase leading up here.
You climb upwards.
There is a stone staircase leading down here.
A hell beast comes into view.
You hit the hell beast but do no damage.
Space bends around the hell beast.
The hell beast is lightly wounded.
Your shadow barely misses the hell beast.
You block the hell beast's attack. x2
You puncture the hell beast!
The hell beast is lightly wounded.
You block the hell beast's attack. The hell beast closely misses you.
You hit the hell beast. Your bite misses the hell beast.
The hell beast is moderately wounded.
The hell beast blinks!
The hell beast completely misses you. You block the hell beast's attack.
The hell beast completely misses you. You block the hell beast's attack.
You barely miss the hell beast. You bite the hell beast.
The hell beast is moderately wounded.
You block the hell beast's attack. x2
You puncture the hell beast!
The hell beast is devoured by a tear in reality.
No target in view!
No target in view!
There is a stone staircase leading up here.
(D) Dungeon (T) Temple (L) Lair (S) Swamp (A) Shoals (M) Slime Pits (O) Orcish Mines (E) Elven Halls (V) Vaults (C) Crypt (U) Depths (H) Hell (Z) Zot
Where to? (Enter - D:1 @ (x,y), ? - help)
You climb upwards.
There is a stone staircase leading down here.
There is a stone staircase leading up here.
You climb upwards.
There is a stone staircase leading down here.
A hellephant comes into view.
Unknown command.
The hellephant breathes flames at you. The blast of flame hits you!!!
You resist.
There is an open door here.
You close the door.
(D) Dungeon (T) Temple (L) Lair (S) Swamp (A) Shoals (M) Slime Pits (O) Orcish Mines (E) Elven Halls (V) Vaults (C) Crypt (U) Depths (H) Hell (Z) Zot
Where to? (Enter - D:1 @ (x,y), ? - help)
There is an open door here.
A ynoxinul comes into view.
There is a stone staircase leading up here.
You climb upwards.
There is a stone staircase leading down here.
(D) Dungeon (T) Temple (L) Lair (S) Swamp (A) Shoals (M) Slime Pits (O) Orcish Mines (E) Elven Halls (V) Vaults (C) Crypt (U) Depths (H) Hell (Z) Zot
Where to? (Enter - D:1 @ (x,y), ? - help)
A lorocyproca comes into view.
Unknown command.
There is a stone staircase leading up here.
You climb upwards.
There is a stone staircase leading down here.
(D) Dungeon (T) Temple (L) Lair (S) Swamp (A) Shoals (M) Slime Pits (O) Orcish Mines (E) Elven Halls (V) Vaults (C) Crypt (U) Depths (H) Hell (Z) Zot
Where to? (Enter - D:1 @ (x,y), ? - help)
There is a staircase leading out of the dungeon here.
You have escaped!

...# #.................#.# #.#
##.# #.###############.#.####(#
#.# #.#.............#.....##[#
#.# #.#.............#......#.#
#.# #.#.............#...#..#.#
#.# #.#######†#######.###..#.#
#.#####.#......†......#.###..#.#
#.##....'⌠....###....⌠+.##...#.#
##.##.##.#......@......#.##.#.#.#
.........#..⌠...>...⌠..#........#
#######..###'#######+###..#.#.###
#...................#.#.#
#.###...#######.........# #.#
#...# ##........# ### #.# ###.#
####.#.#.# ..# #.#####.########
#.#.#.# #.#
#..............####.....#


There were no monsters in sight!

Vanquished Creatures
  A juggernaut (Depths:5)
  A Killer Klown (Zot:4)
  Bai Suzhen (Shoals:3)
  Margery (Vaults:4)
  6 caustic shrikes (Depths:5)
  A golden dragon (Zot:5)
  A bone dragon (Abyss:1)
  Rupert (D:12)
  4 tentacled monstrosities
  A quicksilver dragon (Zot:5)
  2 death cobs
  A sphinx (Depths:5)
  A tentacled starspawn (Abyss:1)
  A kraken (Shoals:4)
  A shadow dragon (Depths:5)
  2 tengu reavers
  3 storm dragons
  A thorn hunter (Swamp:2)
  Ilsuiw (Shoals:4)
  4 draconian monks
  2 fire giants
  An orc warlord (Orc:2)
  3 draconian scorchers
  A draconian knight (Zot:2)
  An iron dragon (Depths:2)
  A deep elf sorcerer (Vaults:5)
  5 frost giants
  4 draconian stormcallers
  2 vault wardens
  Louise (Depths:4)
  8 ironheart preservers
  A spriggan defender (Depths:5)
  5 draconian annihilators
  A draconian shifter (Zot:1)
  A war gargoyle (Vaults:3)
  A starcursed mass (Abyss:1)
  An entropy weaver (Vaults:2)
  5 very ugly things
  6 black draconians
  A vampire knight (Depths:5)
  2 green draconians (Zot:2)
  6 stone giants
  2 red draconians (Zot:2)
  A purple draconian (Zot:2)
  4 yellow draconians
  A white draconian (Zot:2)
  4 bunyips
  4 merfolk javelineers
  8 ettins
  6 merfolk impalers
  8 fire dragons
  2 deep elf high priests (Vaults:5)
  3 yaktaur captains
  4 great orbs of eyes
  A rakshasa (Depths:4)
  3 vault guards
  2 spriggan air magi (Depths:5)
  Fannar (D:10)
  3 boulder beetles
  13 hydras
  Erolcha (D:11)
  2 ghost crabs (Swamp:4)
  5 merfolk avatars
  2 death knights
  2 alligators
  3 centaur warriors
  2 catoblepae
  3 merfolk aquamancers (Shoals:4)
  5 death yaks (Lair:6)
  An orc high priest (Orc:2)
  25 two-headed ogres
  A satyr (Shoals:3)
  3 deep troll shamans
  2 tengu warriors (Depths:1)
  7 ogre magi
  13 deep troll earth magi
  4 spriggan berserkers
  7 goliath frogs
  8 large abominations
  A thrashing horror (Abyss:1)
  A deep elf knight (Vaults:1)
  4 hell knights
  15 spriggans
  An iron troll (Depths:5)
  A fire crab (Swamp:4)
  A sixfirhy (Abyss:1)
  4 skeletal warriors
  Nergalle (D:12)
  14 deep trolls
  A fire crab (shapeshifter) (WizLab)
  4 flayed ghosts
  7 swamp dragons
  2 glowing orange brains
  3 spriggan druids
  5 unseen horrors
  3 wizards
  6 deep elf archers
  2 bog bodies
  10 sea snakes
  A phantasmal warrior (Vaults:5)
  7 orc knights
  3 necromancers (Vaults:4)
  An orb spider (shapeshifter) (WizLab)
  3 wolf spiders
  5 ironbrand convokers
  27 harpies
  7 cyclopes
  12 manticores
  25 ugly things
  7 fauns
  A faun (shapeshifter) (Vaults:2)
  A fire giant zombie (Vaults:4)
  5 orc sorcerers
  A shadow dragon skeleton (Vaults:4)
  3 oklob plants (Lair:2)
  A cyclops (shapeshifter) (WizLab)
  5 deep elf magi
  A will-o-the-wisp (Swamp:1)
  A guardian serpent (D:14)
  8 moths of wrath
  3 guardian serpents (shapeshifter) (WizLab)
  A black mamba (shapeshifter) (WizLab)
  12 vault sentinels
  14 merfolk sirens
  8 elephants
  A water nymph (shapeshifter) (Vaults:1)
  3 black mambas
  2 gargoyles
  An eye of devastation (Lair:6)
  4 torpor snails
  10 water nymphs
  2 cane toads (shapeshifter) (WizLab)
  16 cane toads
  2 rime drakes (shapeshifter)
  A hellion (D:7)
  2 efreet
  3 kobold demonologists
  15 komodo dragons
  A yaktaur (shapeshifter) (WizLab)
  5 rime drakes
  A hellwing (Abyss:1)
  An ancient zyme (Abyss:1)
  17 yaktaurs
  A demonic crawler (Abyss:1)
  8 trolls
  7 freezing wraiths
  6 polar bears
  A jumping spider (shapeshifter) (WizLab)
  A hornet (shapeshifter) (Vaults:3)
  2 meliai (shapeshifter) (WizLab)
  A polar bear (shapeshifter) (Depths:5)
  20 hornets
  18 merfolk
  9 wind drakes
  13 blink frogs
  7 tyrant leeches
  13 slime creatures
  4 snapping turtles
  A dream sheep (shapeshifter) (D:14)
  6 dream sheep
  A fire giant simulacrum (Vaults:4)
  A meliai zombie (D:15)
  3 blink frogs (shapeshifter)
  2 redbacks (Vaults:2)
  A vampire (D:12)
  2 spriggans (shapeshifter)
  5 hogs (D:12)
  3 water elementals
  A wraith (Vaults:3)
  61 yaks
  2 hogs (shapeshifter) (WizLab)
  7 basilisks
  A fire bat (shapeshifter) (WizLab)
  2 golden eyes (shapeshifter) (WizLab)
  10 humans (D:12)
  A yak (shapeshifter) (WizLab)
  A fire elemental (Swamp:4)
  2 humans (shapeshifter)
  4 wyverns
  Eustachio (D:6)
  11 vampire mosquitoes
  A neqoxec (Abyss:1)
  Menkaure (D:7)
  17 swamp worms
  2 steam dragons
  3 wargs
  2 soldier ants
  Edmund (D:6)
  5 acid dragons
  A soldier ant (shapeshifter) (Vaults:5)
  17 water moccasins
  4 floating eyes (WizLab)
  30 orc warriors
  5 black bears
  6 swamp drakes (Swamp:4)
  6 sky beasts
  3 black bears (shapeshifter)
  A hornet zombie (D:9)
  5 ice beasts
  3 phantoms
  7 small abominations
  A necrophage (D:11)
  36 ogres
  An ettin simulacrum (Vaults:2)
  2 eyes of draining
  20 wolves
  7 boggarts
  11 centaurs
  4 big kobolds
  26 bullfrogs
  A glowing shapeshifter simulacrum (Depths:1)
  4 scorpions
  19 killer bees
  10 wights
  2 electric eels
  4 howler monkeys
  4 centaur zombies
  A human simulacrum (Vaults:4)
  A quasit (D:12)
  5 jellies
  9 hounds
  17 orc wizards
  3 bullfrog skeletons
  12 orc priests
  6 centaur skeletons
  6 iguanas
  6 hell rats (Lair:6)
  11 worker ants
  2 hound skeletons
  A howler monkey zombie (D:7)
  A worker ant zombie (D:10)
  Robin (D:4)
  11 adders
  3 shadow imps
  4 white imps
  2 ufetubi
  6 oozes
  An adder skeleton (D:4)
  A worm (D:2)
  A dart slug (D:2)
  9 leopard geckos
  80 orcs
  10 giant cockroaches
  17 goblins
  9 hobgoblins
  13 jackals
  2 quokkas
  3 ball pythons
  10 bats
  6 frilled lizards
  A jackal skeleton (D:6)
  30 kobolds
  2 leopard gecko skeletons (D:4)
  A quokka skeleton (D:7)
  A quokka zombie (D:6)
  10 rats
  3 tentacles (Shoals:4)
1426 creatures vanquished.

Vanquished Creatures (collateral kills)
  A yellow draconian (Depths:5)
  A yaktaur captain (Vaults:3)
  A deep elf mage (Vaults:3)
3 creatures vanquished.

Vanquished Creatures (others)
  A quicksilver dragon (Zot:1)
  A draconian scorcher (Zot:2)
  A ghost moth (shapeshifter) (Depths:5)
  A merfolk impaler (Shoals:3)
  A hydra (Swamp:4)
  A deep troll (Depths:4)
  A swamp dragon (Swamp:4)
  2 lindwurms (Swamp:4)
  A moth of wrath (Zot:5)
  3 bloated husks
  2 merfolk (Shoals:3)
  4 steam dragons (Swamp:4)
  2 swamp drakes (Swamp:4)
  An ogre (Depths:2)
  A human simulacrum (Vaults:3)
  A hell rat (Lair:6)
  A shadow imp (Abyss:3)
  4 briar patches (Swamp:2)
  3 bushes
  4 foxfires (Swamp:1)
  58 fungi
  147 plants
  12 starspawn tentacles (Abyss:1)
  5 tentacles (Shoals:4)
258 creatures vanquished.

Grand Total: 1687 creatures vanquished

Notes
Turn   | Place    | Note
-------+----------+-------------------------------------------
     0 | D:1      | EnegeticOcto the Vampire Earth Elementalist began the quest
                  | for the Orb.
     0 | D:1      | Reached XP level 1. HP: 13/13 MP: 3/3
     1 | D:1      | Found a runed translucent door.
   230 | D:1      | Reached XP level 2. HP: 19/19 MP: 0/5
   412 | D:1      | Reached skill level 4 in Earth Magic
   797 | D:2      | Reached XP level 3. HP: 24/24 MP: 6/6
   808 | D:2      | Found a bloodstained altar of Trog.
   959 | D:2      | Reached skill level 5 in Earth Magic
   959 | D:2      | Reached XP level 4. HP: 30/30 MP: 5/7
   965 | D:2      | Learned a level 4 spell: Petrify
  1253 | D:2      | Reached skill level 1 in Short Blades
  1369 | D:2      | Reached skill level 2 in Transmutations
  1369 | D:2      | Reached XP level 5. HP: 35/35 MP: 6/8
  1485 | D:2      | Reached skill level 4 in Stealth
  1492 | D:2      | Found a bloodstained altar of Trog.
  1837 | D:1      | Reached skill level 2 in Short Blades
  2157 | D:3      | You fall into a shaft and drop 3 floors!
  2231 | D:6      | Reached skill level 5 in Stealth
  2231 | D:6      | Reached skill level 3 in Transmutations
  2231 | D:6      | Reached XP level 6. HP: 36/41 MP: 6/9
  2271 | D:6      | Found a shimmering blue altar of Sif Muna.
  2318 | D:6      | Reached skill level 4 in Transmutations
  2374 | D:5      | Entered Level 5 of the Dungeon
  2376 | D:5      | Found a sacrificial altar of Ru.
  2411 | D:4      | Found Ecwonof's Armour Shoppe.
  2915 | D:4      | Reached skill level 5 in Transmutations
  3193 | D:4      | Noticed Robin
  3236 | D:4      | Killed Robin
  3236 | D:4      | Reached XP level 7. HP: 23/46 MP: 3/10
  3373 | D:4      | Reached skill level 6 in Earth Magic
  3662 | D:4      | Learned a level 3 spell: Stone Arrow
  3763 | D:4      | Reached skill level 7 in Earth Magic
  3890 | D:4      | Found a hide-covered altar of Uskayaw.
  4024 | D:4      | Reached skill level 1 in Conjurations
  4116 | D:4      | Found a staircase to the Ecumenical Temple.
  4218 | Temple   | Entered the Ecumenical Temple
  4226 | Temple   | Became a worshipper of Dithmenos the Shadowed
  4616 | D:5      | Reached XP level 8. HP: 50/52 MP: 7/11
  4721 | D:5      | Reached skill level 2 in Conjurations
  4874 | D:5      | Found a glowing golden altar of the Shining One.
  4874 | D:5      | Found an ancient bone altar of Kikubaaqudgha.
  4875 | D:5      | Found a hazy altar of Hepliaklqana.
  4940 | D:5      | Reached skill level 8 in Earth Magic
  5319 | D:6      | Reached skill level 1 in Fighting
  5570 | D:6      | Noticed Edmund
  5580 | D:6      | Killed Edmund
  5580 | D:6      | Reached skill level 2 in Fighting
  5580 | D:6      | Reached skill level 6 in Transmutations
  6183 | D:6      | Noticed Eustachio
  6191 | D:6      | Killed Eustachio
  6191 | D:6      | Reached skill level 6 in Stealth
  6191 | D:6      | Reached XP level 9. HP: 60/62 MP: 2/12
  6668 | D:7      | Reached skill level 3 in Short Blades
  6815 | D:7      | Reached * piety under Dithmenos
  7082 | D:7      | Reached skill level 3 in Fighting
  7136 | D:7      | Found Oxkaovos's Jewellery Boutique.
  7188 | D:7      | Noticed Menkaure
  7193 | D:7      | Killed Menkaure
  7643 | D:7      | Reached skill level 7 in Stealth
  7643 | D:7      | Reached skill level 3 in Conjurations
  7716 | D:7      | Reached skill level 7 in Transmutations
  7904 | D:7      | Reached skill level 4 in Short Blades
  8071 | D:8      | Reached ** piety under Dithmenos
  8235 | D:8      | Found a radiant altar of Vehumet.
  8366 | D:8      | Reached skill level 4 in Fighting
  8366 | D:8      | Reached skill level 8 in Stealth
  8374 | D:8      | HP: 3/65 [yak (3)]
  8699 | D:8      | Reached XP level 10. HP: 58/71 MP: 2/13
  8855 | D:8      | Reached skill level 9 in Earth Magic
  9031 | D:8      | Learned a level 2 spell: Passwall
  9182 | D:9      | Found a staircase to the Orcish Mines.
  9500 | D:9      | Reached skill level 5 in Short Blades
 10171 | D:10     | Entered Level 10 of the Dungeon
 10455 | D:10     | Noticed Fannar
 10564 | D:10     | Killed Fannar
 10564 | D:10     | Reached skill level 5 in Fighting
 10564 | D:10     | Reached skill level 9 in Stealth
 10564 | D:10     | Reached skill level 3 in Spellcasting
 10564 | D:10     | Reached skill level 4 in Conjurations
 10564 | D:10     | Reached skill level 8 in Transmutations
 10712 | D:10     | Reached *** piety under Dithmenos
 10782 | D:10     | Noticed an unseen horror
 10788 | D:10     | Killed an unseen horror
 10788 | D:10     | Reached skill level 6 in Short Blades
 10882 | D:10     | Noticed an unseen horror
 10885 | D:10     | Found Raniesayp's Magic Scroll Shoppe.
 10890 | D:10     | Killed an unseen horror
 10890 | D:10     | Reached skill level 10 in Stealth
 11043 | D:10     | Found Recwaz's Magic Scroll Boutique.
 11097 | D:10     | Reached skill level 7 in Short Blades
 11195 | D:7      | Bought a +4 ring of protection for 540 gold pieces
 11256 | D:10     | Reached XP level 11. HP: 79/79 MP: 7/15
 11918 | D:11     | Reached skill level 10 in Earth Magic
 11918 | D:11     | Reached skill level 1 in Invocations
 12041 | D:11     | Noticed a purple ugly thing
 12050 | D:11     | Killed a purple ugly thing
 12335 | D:11     | Reached skill level 2 in Invocations
 12496 | D:11     | Noticed Erolcha
 12505 | D:11     | Killed Erolcha
 12599 | D:11     | Found a staircase to the Lair.
 12713 | D:11     | Reached skill level 8 in Short Blades
 12948 | D:11     | Reached skill level 3 in Invocations
 13178 | D:11     | Reached skill level 9 in Transmutations
 14099 | Lair:1   | Entered Level 1 of the Lair of Beasts
 14157 | Lair:1   | Reached **** piety under Dithmenos
 14157 | Lair:1   | Reached skill level 4 in Invocations
 14434 | Lair:1   | Reached skill level 9 in Short Blades
 14801 | Lair:1   | Reached skill level 10 in Transmutations
 14841 | Lair:1   | Reached skill level 5 in Invocations
 15216 | Lair:1   | Reached XP level 12. HP: 86/86 MP: 11/16
 15781 | Lair:1   | Noticed an eight-headed hydra
 15790 | Lair:1   | Killed an eight-headed hydra
 15790 | Lair:1   | Reached skill level 10 in Short Blades
 15790 | Lair:1   | Reached skill level 6 in Invocations
 16003 | Lair:2   | Upgraded the game from 0.26-a0-808-g930a2b7adc to
                  | 0.26-a0-812-g31a745ddcd
 16191 | Lair:2   | Reached skill level 7 in Invocations
 16322 | Lair:2   | Reached skill level 1 in Armour
 16441 | Lair:2   | Reached skill level 3 in Dodging
 16788 | Lair:2   | Learned a level 5 spell: Lee's Rapid Deconstruction
 17016 | Lair:2   | Reached skill level 2 in Armour
 17393 | Lair:2   | Reached skill level 4 in Dodging
 17393 | Lair:2   | Reached skill level 4 in Spellcasting
 18086 | Lair:3   | Reached skill level 11 in Stealth
 18160 | Lair:3   | Reached skill level 3 in Armour
 18321 | Lair:3   | Reached skill level 5 in Dodging
 18403 | Lair:3   | Noticed a catoblepas
 18409 | Lair:3   | Found a staircase to the Shoals.
 18422 | Lair:3   | Killed a catoblepas
 18508 | Lair:3   | Reached skill level 5 in Spellcasting
 18778 | Lair:3   | Reached ***** piety under Dithmenos
 18818 | Lair:3   | Reached XP level 13. HP: 19/91 MP: 17/20
 19201 | Lair:3   | Found a runed translucent gate.
 19201 | Lair:3   | Found a runed translucent gate.
 19201 | Lair:3   | Found a runed translucent gate.
 19202 | Lair:3   | Noticed Leupn's ghost (journeyman GnSk)
 19220 | Lair:3   | Found a staircase to the Swamp.
 19563 | Lair:4   | Reached skill level 12 in Stealth
 19722 | Lair:4   | Reached skill level 4 in Armour
 19798 | Lair:3   | Reached skill level 6 in Dodging
 20771 | Lair:5   | Reached skill level 13 in Stealth
 20774 | Lair:5   | Reached skill level 11 in Short Blades
 21020 | Lair:5   | Reached skill level 1 in Shields
 21361 | Lair:5   | Found a runed translucent door.
 21433 | Lair:5   | Reached skill level 2 in Shields
 21769 | Lair:6   | Entered Level 6 of the Lair of Beasts
 21968 | Lair:6   | Reached skill level 3 in Shields
 21968 | Lair:6   | Reached skill level 1 in Evocations
 22172 | Lair:6   | Found a staircase to the Slime Pits.
 22802 | Lair:6   | Reached skill level 2 in Evocations
 22912 | Lair:6   | Reached skill level 12 in Short Blades
 23234 | Lair:6   | Reached ****** piety under Dithmenos
 23319 | Lair:6   | Reached skill level 4 in Shields
 23328 | Lair:6   | Reached XP level 14. HP: 63/99 MP: 1/21
 23333 | Lair:6   | Reached skill level 3 in Evocations
 23621 | Lair:6   | Reached skill level 6 in Fighting
 23977 | Lair:6   | Reached skill level 8 in Invocations
 24445 | D:4      | Bought the -2 hat of the Alchemist {rElec rPois rF+ rC+ rN+
                  | MR+ rMut rCorr} for 660 gold pieces
 24445 | D:4      | Found the -2 hat of the Alchemist {rElec rPois rF+ rC+ rN+
                  | MR+ rMut rCorr}
 24704 | D:12     | Noticed Nergalle
 24846 | D:12     | Killed Nergalle
 24958 | D:12     | Reached skill level 4 in Evocations
 25273 | D:12     | Noticed Sonja
 25276 | D:12     | Noticed Sonja
 25276 | D:12     | Sonja changed into Sonja the boggart
 25277 | D:12     | Noticed Sonja
 25277 | D:12     | Sonja the boggart changed into Sonja the centaur
 25278 | D:12     | Noticed Sonja
 25278 | D:12     | Sonja the centaur changed into Sonja the jelly
 25283 | D:12     | Killed Sonja the jelly
 26087 | D:12     | Noticed Rupert
 26096 | D:12     | Killed Rupert
 26096 | D:12     | Reached skill level 7 in Fighting
 26358 | D:12     | Reached skill level 5 in Evocations
 26556 | D:12     | Reached skill level 9 in Invocations
 26570 | D:13     | Found a gate to the Vaults.
 26846 | Orc:1    | Entered Level 1 of the Orcish Mines
 27324 | Orc:1    | Found a runed translucent door.
 27324 | Orc:1    | Found a shimmering altar of Xom.
 27324 | Orc:1    | Noticed Thargor's ghost (journeyman MiFi)
 27445 | Orc:2    | Entered Level 2 of the Orcish Mines
 27462 | Orc:2    | Reached skill level 8 in Fighting
 27490 | Orc:2    | Noticed Urug
 27509 | Orc:2    | Banished Urug
 28297 | Orc:2    | Reached skill level 10 in Invocations
 28306 | Orc:2    | Reached XP level 15. HP: 112/112 MP: 22/22
 28353 | Orc:2    | Found Nefedat's General Store.
 28363 | Orc:2    | Noticed an orc warlord
 28528 | Orc:2    | Found a staircase to the Elven Halls.
 28542 | Orc:2    | Found Bipsam's Antique Weapon Shop.
 28560 | Orc:2    | Found Pamieh's Antique Armour Emporium.
 28748 | Orc:2    | Reached skill level 9 in Fighting
 28770 | Orc:2    | Killed an orc warlord
 28858 | Orc:2    | Found Defoer's Book Shop.
 29046 | D:7      | Bought the brooch of Shielding {Spirit SH+8} for 891 gold
                  | pieces
 29046 | D:7      | Found the brooch of Shielding {Spirit SH+8}
 29268 | D:13     | Noticed Kirke
 29416 | D:12     | Banished Kirke
 29636 | D:13     | Reached skill level 10 in Fighting
 29636 | D:13     | Reached skill level 11 in Invocations
 30490 | D:13     | Identified the cursed +0 leather armour of Least Resistance
                  | {rN+} (You found it on level 13 of the Dungeon)
 30838 | D:14     | Reached skill level 12 in Invocations
 30883 | D:14     | Got an encrusted scale mail
 30902 | D:14     | Identified the +2 scale mail of the Big Bang {-Tele rPois
                  | rC- Dex+9} (You found it on level 14 of the Dungeon)
 31783 | D:15     | Entered Level 15 of the Dungeon
 32174 | D:15     | Reached skill level 5 in Armour
 32457 | D:15     | Found a staircase to the Depths.
 32724 | Shoals:1 | Entered Level 1 of the Shoals
 32724 | Shoals:1 | Found Wasoidu's Distillery.
 32787 | Shoals:1 | Reached skill level 7 in Dodging
 32787 | Shoals:1 | Reached XP level 16. HP: 76/123 MP: 16/25
 32913 | Shoals:1 | Bought a potion of cancellation for 128 gold pieces
 32913 | Shoals:1 | Bought a potion of heal wounds for 80 gold pieces
 32918 | Shoals:1 | Gained mutation: You are resistant to electric shocks.
                  | (rElec) [potion of mutation]
 32918 | Shoals:1 | Gained mutation: Your mind is acute. (Int +2) [potion of
                  | mutation]
 32918 | Shoals:1 | Gained mutation: You are agile. (Dex +2) [potion of
                  | mutation]
 33184 | Shoals:1 | Found Ockizxoh's Gadget Emporium.
 33213 | Shoals:1 | Reached skill level 6 in Armour
 33213 | Shoals:1 | Reached skill level 14 in Stealth
 33243 | Shoals:1 | Bought a wand of digging (4) for 224 gold pieces
 33243 | Shoals:1 | Bought a wand of digging (2) for 168 gold pieces
 33261 | Shoals:1 | Found Fameitte's Antique Weapon Shoppe.
 33754 | Shoals:1 | Found Cuuwk's Gadget Shoppe.
 33762 | Shoals:1 | Bought a tin of tremorstones (2/2) for 640 gold pieces
 33865 | Shoals:1 | Found Wuwufi Fawic's Weapon Shop.
 34022 | Swamp:1  | Entered Level 1 of the Swamp
 34938 | Swamp:1  | Reached skill level 7 in Armour
 34945 | Swamp:1  | Reached skill level 8 in Dodging
 36368 | Swamp:2  | Reached skill level 11 in Fighting
 36891 | Swamp:2  | Reached skill level 15 in Stealth
 37096 | Swamp:3  | Identified the cursed +0 kite shield "Qiabb" {-Cast rN++}
 37096 | Swamp:3  | Noticed Donald
 37234 | Swamp:3  | Noticed a thorn hunter
 37551 | Swamp:2  | Killed a thorn hunter
 37551 | Swamp:2  | Reached skill level 8 in Armour
 37997 | Swamp:3  | Banished Donald
 37997 | Swamp:3  | Reached skill level 9 in Dodging
 38701 | Swamp:4  | Entered Level 4 of the Swamp
 39164 | Swamp:4  | Reached XP level 17. HP: 130/131 MP: 13/26
 39177 | Swamp:4  | Reached skill level 16 in Stealth
 39832 | Swamp:4  | Reached skill level 10 in Dodging
 40027 | Swamp:4  | Got a decaying rune of Zot
 40134 | Swamp:3  | Identified the +2 plate armour of Distant Shores {rC+ SInv}
                  | (You found it on level 3 of the Swamp)
 41163 | Shoals:2 | Noticed Polyphemus
 41526 | Shoals:1 | Banished Polyphemus
 42034 | Shoals:2 | Reached skill level 12 in Fighting
 43039 | Shoals:3 | Noticed Bai Suzhen
 43082 | Shoals:3 | Killed Bai Suzhen
 43082 | Shoals:3 | Reached skill level 17 in Stealth
 43269 | Shoals:3 | Reached skill level 5 in Shields
 43640 | Shoals:3 | Reached skill level 6 in Evocations
 44274 | Shoals:4 | Entered Level 4 of the Shoals
 44531 | Shoals:4 | Noticed a kraken
 44533 | Shoals:4 | Reached skill level 11 in Dodging
 44535 | Shoals:4 | Reached XP level 18. HP: 141/141 MP: 16/27
 44806 | Shoals:4 | Noticed Ilsuiw
 44835 | Shoals:4 | Reached skill level 6 in Shields
 44838 | Shoals:4 | Killed Ilsuiw
 45127 | Shoals:4 | Identified the cursed +0 flail of Ritigav {vorpal, Dex+2}
                  | (You found it on level 4 of the Shoals)
 45593 | Shoals:4 | Reached skill level 7 in Evocations
 45682 | Shoals:4 | Got a barnacled rune of Zot
 45868 | Vaults:1 | Entered Level 1 of the Vaults
 45963 | Vaults:1 | Reached skill level 18 in Stealth
 45974 | Vaults:1 | Found Botugh's General Store.
 45980 | Vaults:1 | Bought a potion of cancellation for 120 gold pieces
 46056 | Vaults:1 | Identified the +4 plate armour of Broken Taboos {rC+ Str+3
                  | Int+4} (You found it on level 1 of the Vaults)
 46688 | Vaults:1 | Reached skill level 7 in Shields
 46688 | Vaults:1 | Reached skill level 13 in Invocations
 47039 | Vaults:1 | Reached skill level 13 in Fighting
 47072 | Vaults:1 | Reached skill level 12 in Dodging
 47170 | Vaults:1 | Identified a scroll of acquirement
 47171 | Vaults:1 | Acquired a +1 pair of gloves of strength
 47215 | Vaults:1 | Reached skill level 8 in Evocations
 47742 | Vaults:2 | Reached XP level 19. HP: 149/149 MP: 28/28
 48106 | Vaults:2 | Reached skill level 19 in Stealth
 48107 | Vaults:2 | Reached skill level 8 in Shields
 49133 | Vaults:2 | Reached skill level 9 in Evocations
 49347 | Vaults:3 | Found a staircase to the Crypt.
 49347 | Vaults:3 | Found a basalt altar of Yredelemnul.
 49348 | Vaults:3 | Found an ancient bone altar of Kikubaaqudgha.
 49897 | Vaults:3 | Reached skill level 13 in Dodging
 50145 | Vaults:3 | Found a transporter.
 50181 | Vaults:3 | Found a transporter.
 50509 | Vaults:3 | Reached skill level 9 in Shields
 50913 | Vaults:3 | Identified the ring "Dafuonoa" {*Tele +Blink rF- rN+}
 50928 | Vaults:3 | Identified the ring "Cirrur" {rN+ Slay+2 SInv}
 51025 | Vaults:4 | Reached skill level 20 in Stealth
 51364 | Vaults:4 | Reached XP level 20. HP: 158/158 MP: 29/29
 51387 | Vaults:4 | Reached skill level 14 in Fighting
 51647 | Vaults:4 | Found a magical portal.
 51707 | Vaults:4 | Reached skill level 10 in Evocations
 51754 | WizLab   | Entered Cigotuvi's Fleshworks
 52019 | WizLab   | Identified the ring "Tuabem" {rPois Int+4 Dex-5} (You found
                  | it in a wizard's laboratory)
 52466 | WizLab   | Reached skill level 14 in Dodging
 52466 | WizLab   | Reached skill level 10 in Shields
 52670 | WizLab   | Identified Cigotuvi's Papyrus of Twisted Transmutation
 53106 | Vaults:4 | Reached skill level 21 in Stealth
 53521 | Vaults:4 | Learned a level 5 spell: Irradiate
 53790 | Vaults:4 | Noticed Margery
 53792 | Vaults:4 | Killed Margery
 53943 | Vaults:5 | Entered Level 5 of the Vaults
 53943 | Vaults:5 | Noticed Mara
 54364 | Vaults:1 | Reached skill level 11 in Evocations
 54534 | Depths:1 | Entered Level 1 of the Depths
 54561 | Depths:1 | Reached XP level 21. HP: 99/166 MP: 19/30
 54959 | Depths:2 | Reached skill level 5 in Conjurations
 55062 | Depths:2 | Found a gateway to Hell.
 55840 | Depths:4 | Noticed Louise
 55841 | Depths:4 | Found a one-way gate to the infinite horrors of the Abyss.
 55868 | Depths:4 | Reached skill level 15 in Fighting
 55868 | Depths:4 | Reached skill level 15 in Dodging
 55923 | Depths:4 | Killed Louise
 56187 | Depths:4 | Found Tasheb's Gadget Boutique.
 56187 | Depths:4 | Found Leaco's Jewellery Emporium.
 56188 | Depths:4 | Found Qeulor's Gadget Boutique.
 56202 | Depths:4 | Bought a wand of iceblast (12) for 256 gold pieces
 56223 | Depths:4 | Voluntarily entered the Abyss.
 56308 | Abyss:1  | Reached skill level 11 in Transmutations
 56392 | Abyss:1  | Identified the cursed +3 war axe of Dissatisfaction {holy,
                  | Stlth+} (You found it on level 1 of the Abyss)
 56568 | Abyss:3  | Got an abyssal rune of Zot
 56584 | Depths:4 | Escaped the Abyss
 56702 | Depths:5 | Entered Level 5 of the Depths
 56713 | Depths:5 | Found a gateway to a ziggurat.
 56901 | Depths:5 | Noticed a caustic shrike
 56901 | Depths:5 | Noticed a caustic shrike
 56901 | Depths:5 | Noticed a caustic shrike
 56906 | Depths:5 | Noticed a golden dragon
 56916 | Depths:5 | Reached skill level 22 in Stealth
 57619 | Depths:5 | Found a one-way gate leading to the halls of Pandemonium.
 57705 | Depths:5 | Noticed a caustic shrike
 57705 | Depths:5 | Noticed a caustic shrike
 57705 | Depths:5 | Noticed a caustic shrike
 57709 | Depths:5 | Killed a caustic shrike
 57709 | Depths:5 | Reached skill level 11 in Shields
 57709 | Depths:5 | Reached skill level 6 in Conjurations
 57710 | Depths:5 | Killed a caustic shrike
 57715 | Depths:5 | Banished a caustic shrike
 57801 | Depths:5 | Reached XP level 22. HP: 133/175 MP: 27/31
 58046 | Depths:5 | Noticed a juggernaut
 58063 | Depths:5 | Banished a juggernaut
 58063 | Depths:5 | Reached skill level 12 in Evocations
 58597 | Depths:5 | Noticed a caustic shrike
 58599 | Depths:5 | Killed a caustic shrike
 58602 | Depths:5 | Killed a caustic shrike
 58606 | Depths:5 | Killed a caustic shrike
 58606 | Depths:5 | Reached skill level 12 in Transmutations
 58608 | Depths:5 | Killed a caustic shrike
 58616 | Depths:5 | Reached skill level 12 in Shields
 58621 | Depths:5 | Noticed a juggernaut
 58624 | Depths:5 | Killed a juggernaut
 58629 | Depths:5 | Noticed a caustic shrike
 58629 | Depths:5 | Noticed a caustic shrike
 58629 | Depths:5 | Noticed a caustic shrike
 58633 | Depths:5 | Banished a caustic shrike
 58637 | Depths:5 | Banished a caustic shrike
 58641 | Depths:5 | Banished a caustic shrike
 58672 | Depths:5 | Found a gate to the Realm of Zot.
 58675 | Depths:5 | Noticed a golden dragon
 58790 | Depths:5 | Banished a golden dragon
 58790 | Depths:5 | Reached skill level 23 in Stealth
 59064 | Zot:1    | Entered Level 1 of the Realm of Zot
 59110 | Zot:2    | Reached skill level 13 in Shields
 59641 | Zot:2    | Reached skill level 16 in Fighting
 59825 | Zot:2    | Reached XP level 23. HP: 184/184 MP: 32/32
 59860 | Zot:2    | Reached skill level 13 in Transmutations
 59960 | Zot:4    | Noticed a Killer Klown
 59964 | Zot:4    | Killed a Killer Klown
 59969 | Zot:5    | Entered Level 5 of the Realm of Zot
 60042 | Zot:5    | Reached skill level 7 in Conjurations
 60637 | Zot:5    | Got the Orb of Zot
 60638 | Zot:5    | Noticed an ancient lich
 60639 | Zot:5    | Noticed an ancient lich
 60639 | Zot:5    | Noticed a curse toe
 60640 | Zot:5    | Noticed a Killer Klown
 60766 | Depths:5 | Noticed Fuasmefrij the pandemonium lord
 60780 | Depths:5 | Banished Fuasmefrij the pandemonium lord
 60780 | Depths:5 | Reached skill level 14 in Shields
 61201 | D:$      | Escaped with the Orb!

Illustrated notes

Levels and vault maps discovered:
D:1:      dpeg_arrival_caged_fury, layout_loops_ring
D:2:      layout_basic, lemuel_coloured_pillars_altar, grunt_decor_clamped,
          trog_hazing_becter
D:3:      layout_loops_corners, minmay_strange_pillars
D:4:      layout_loops_ring, marbit_many_paths, temple_hall_moat, serial_shops,
          nicolae_shop_statue_plus, lexackson_kobold_supper, uniq_robin
D:5:      layout_basic, nicolae_ru_awakened_eye, gammafunk_temple_overflow_claw
D:6:      kennysheep_six_static_rooms, layout_loops_ring, kennysheep_little_box,
          grunt_decor_one_mirror, uniq_eustachio, uniq_edmund
D:7:      layout_loops_cross, serial_shops, nicolae_shop_statue_plus,
          hangedman_decor_diamond_cutter, minmay_curled_crystal,
          grunt_ministairs_11, uniq_menkaure
D:8:      layout_basic, vehumet_statue, minivault_27,
          minmay_misc_feat_nine_boxes
D:9:      layout_loops_ring, orc_0_dummy
D:10:     layout_rooms, serial_shops, shop, shop, chequers_avenue, uniq_fannar
D:11:     layout_gridville, lair_entry_dummy, uniq_erolcha
D:12:     layout_basic, evilmike_minifort, uniq_nergalle, uniq_rupert,
          uniq_sonja
D:13:     layout_loops_ring, david_vaults_3, serial_aquarium,
          aquarium_bridge_long_separate [aquarium_subvault_window,
          aquarium_subvault_wall, aquarium_subvault_bridge,
          aquarium_subvault_window, aquarium_subvault_bridge,
          aquarium_subvault_wall], aquarium_window_1, aquarium_window_fake,
          aquarium_window_3, aquarium_window_corner, aquarium_view_2b,
          aquarium_pool_1, uniq_kirke
D:14:     layout_stronghold, serial_bayou_pond_d, fake_guardian_serpent_vault
D:15:     grunt_enter_depths_snipers, layout_cave_pools
Temple:   eino_narrow_crystal_temple
Lair:1:   cheibrodos_lair_river_kwai, layout_chaotic_city, lemuel_fruit_tree,
          grunt_megastairs_2, infiniplex_staircase_pool_2
Lair:2:   layout_regular_city, minmay_lair_oklob_chamber
Lair:3:   wad_woods_pond, layout_misc_corridors, swamp_mist_pool,
          elwin_shoals_entry_rocks, gammafunk_ghost_split
Lair:4:   layout_long_grid
Lair:5:   layout_regular_city, pf_torpor_hydra, infiniplex_staircase_pool,
          grunt_megastairs_3
Lair:6:   grunt_lair_end_beastmaster, layout_misc_corridors,
          minmay_slime_entry_eyes
Swamp:1:  layout_basic_swamp, nicolae_swamp_trees_clearing,
          hangedman_swamp_wriggling
Swamp:2:  layout_basic_swamp, evilmike_swamp_ruin_house_1, swamp_pool1
Swamp:3:  layout_basic_swamp, evilmike_swamp_ruin_rubble_2, swamp_pool4,
          uniq_donald
Swamp:4:  swamp_fiery, layout_basic_swamp
Shoals:1: layout_shoals, serial_shops, nicolae_shop_statue_plus, shop, shop,
          shop_fountains, nicolae_shop_temple_entry_statues_fountains
Shoals:2: layout_shoals, uniq_polyphemus
Shoals:3: layout_shoals, uniq_bai_suzhen
Shoals:4: shoals_end_hangedman, layout_shoals, shoals_ilsuiw_alternative,
          yaktaur_hedge
Orc:1:    layout_caves, ebering_ghost_xom
Orc:2:    grunt_orc_gardens, layout_caves, grunt_orc_garden, grunt_orc_garden,
          grunt_orc_garden, grunt_orc_garden, uniq_urug
Vaults:1: vaults_dpeg_ring, ontoclasm_vaults_gateway, v_pattern_5,
          nicolae_vaults_yaktaur_gun_rack, hangedman_vaults_unwind,
          ontoclasm_vaults_spin, v_misc_13, ontoclasm_vaults_ring_square,
          vaults_mumra_chevron_long, vaults_dpeg_hooks, hangedman_vaults_snaps,
          v_misc_28, layout_vaults_big_cross, serial_shops,
          nicolae_shop_competitors_out_of_business
Vaults:2: vaults_room_guarded_vault, grunt_vaults_twisty, v_rooms_6,
          vaults_room_boxed, nicolae_vaults_little_squares_3,
          nicolae_vaults_ninety_degrees, ontoclasm_vaults_twist,
          nicolae_vaults_triangles, vaults_room_stairs_pillars,
          grunt_vaults_funnel, layout_vaults_omnigrid
Vaults:3: v_misc_2, gammafunk_dig_for_victory, ontoclasm_vaults_shuriken,
          v_misc_17, ontoclasm_vaults_fault, ontoclasm_vaults_loading_screen,
          layout_vaults_chaotic_city, minmay_crypt_entry_necro_gods
Vaults:4: v_misc_9, nicolae_vaults_network_quinsquares
          [nicolae_vaults_network_quincunx_subvault,
          nicolae_vaults_network_quincunx_subvault,
          nicolae_vaults_network_quincunx_subvault,
          nicolae_vaults_network_quincunx_subvault], st_octagons_1,
          ontoclasm_vaults_bender, nicolae_vaults_network_s,
          nicolae_vaults_little_ls, grunt_vaults_hallway_short, v_pattern_2,
          nicolae_vaults_little_squares_2, ontoclasm_vaults_misaligned,
          hangedman_vaults_capsules, layout_vaults_maze, mu_enter_wizlab_1,
          uniq_margery
Vaults:5: uniq_mara
Depths:1: layout_cave_pools, hangedman_abyss_entry_splay, glass_columns_a,
          grunt_hell_entry_demonic_statue, chequers_big_river, grunt_decor_cap,
          minmay_mirror_moons_of_madness
Depths:2: cheibrodos_poisonous_passages, layout_gridlike, minmay_misc_feat_room,
          hell_entry, minmay_room_of_horrors, minmay_swirly_circle,
          uniq_asterion
Depths:3: minmay_bubble_buster, layout_cave_pools, hell_entry,
          kennysheep_flooded_box, rand_demon_pan_entry_7,
          hangedman_abyss_or_decor_stabs, minmay_shoptagon, serial_bayou_shore_b
Depths:4: minmay_the_grid_square_5x5_5x5_mashed
          [minmay_the_grid_square_5x5_three_walls,
          minmay_the_grid_square_5x5_comb, minmay_the_grid_square_5x5_shuriken,
          minmay_the_grid_square_5x5_spiral,
          minmay_the_grid_square_5x5_broken_cross,
          minmay_the_grid_square_5x5_fat_x,
          minmay_the_grid_square_5x5_prize_pseudospiral,
          minmay_the_grid_square_5x5_n, minmay_the_grid_square_5x5_prize_itemx,
          minmay_the_grid_square_5x5_checkered_statues,
          minmay_the_grid_square_5x5_moneybag,
          minmay_the_grid_square_5x5_inverted_slash,
          minmay_the_grid_square_5x5_prize_deathbox,
          minmay_the_grid_square_5x5_detours, minmay_the_grid_square_5x5_slash,
          minmay_the_grid_square_5x5_six, minmay_the_grid_square_5x5_prize_gold,
          minmay_the_grid_square_5x5_bite,
          minmay_the_grid_square_5x5_prize_junk, minmay_the_grid_square_5x5_v,
          minmay_the_grid_square_5x5_pentomino_r,
          minmay_the_grid_square_5x5_n_small,
          minmay_the_grid_square_5x5_minimal,
          minmay_the_grid_square_5x5_two_walls_b,
          minmay_the_grid_square_5x5_sharp_hourglass], layout_gridville,
          hangedman_coc_ice_floe, nicolae_abyss_entry_one_way_or_another,
          minmay_misc_feat_diagonals, pan_entry, minmay_staircase_statues,
          minmay_shop_grove
Depths:5: grunt_runaround [grunt_runaround_doors_1, grunt_runaround_doors_2,
          grunt_runaround_doors_3, grunt_runaround_doors_4,
          grunt_runaround_zot], hell_entry, pan_entry
Zot:1:    gammafunk_its_a_trap, layout_cathedral_of_symmetry
Zot:2:    layout_misc_corridors
Zot:3:    nicolae_moth_party, layout_basic, hangedman_swamp_dais
Zot:4:    layout_basic
Zot:5:    layout_misc_corridors

Skill      XL: |  1  2  3  4  5  6  7  8  9 10 11 12 13 14 15 16 17 18 19 20 21 22 23 |
---------------+----------------------------------------------------------------------+-----
Earth Magic    | 4 5 7 8 9 10 | 10.0
Short Blades   | 1 2 4 7 9 10 12 | 12.6
Transmutations | 2 3 5 6 7 8 10 11 12 13 | 13.0
Stealth        | 5 6 8 10 11 13 15 17 18 20 21 22 23 | 23.9
Conjurations   | 1 2 3 4 6 7 |  7.0
Fighting       | 2 4 5 8 10 11 12 13 14 15 16 | 16.3
Spellcasting   | 3 5 |  5.0
Invocations    | 5 7 10 12 13 | 13.0
Armour         | 3 4 5 8 |  8.0
Dodging        | 5 6 7 9 11 12 13 14 15 | 15.0
Shields        | 4 5 7 9 10 11 13 14 | 14.1
Evocations     | 2 5 6 8 9 11 12 | 12.0

Action                   |  1- 3 |  4- 6 |  7- 9 | 10-12 | 13-15 | 16-18 | 19-21 | 22-24 || total
-------------------------+-------+-------+-------+-------+-------+-------+-------+-------++-------
Melee: Whip              |    36 |       |       |       |       |       |       |       ||    36
       Unarmed           |     5 |       |       |       |       |       |       |       ||     5
       Bite              |     3 |    30 |    21 |    55 |   214 |   166 |   279 |    58 ||   826
       Short sword       |    20 |   183 |       |       |  1266 |  1491 |  1876 |   451 ||  5287
       Dagger            |       |    58 |   126 |   288 |       |       |       |       ||   472
       Staff             |       |    63 |   102 |   117 |     1 |       |       |       ||   283
       Rapier            |       |       |       |   109 |   892 |       |       |       ||  1001
Throw: Stone             |     1 |       |       |       |       |     2 |       |       ||     3
 Cast: Sandblast         |    16 |    33 |    84 |   175 |    53 |   127 |     1 |       ||   489
       Stone Arrow       |       |       |    58 |    80 |    39 |   111 |     2 |       ||   290
       Petrify           |       |       |    11 |    66 |    37 |    57 |       |       ||   171
       Lee's Rapid Decon |       |       |       |    12 |    14 |     7 |     2 |     1 ||    36
       Passwall          |       |       |       |       |       |     3 |     9 |     5 ||    17
Invok: Shadow Form       |       |       |       |       |       |     2 |     2 |       ||     4
       Shadow Step       |       |       |       |       |       |       |     2 |       ||     2
Evoke: Wand              |       |       |       |     2 |    22 |    47 |     8 |    16 ||    95
       Phial of floods   |       |       |       |       |     1 |       |       |       ||     1
       Lightning rod     |       |       |       |       |       |     9 |    10 |    11 ||    30
       Tin of tremorston |       |       |       |       |       |     7 |     8 |     4 ||    19
       Box of beasts     |       |       |       |       |       |     1 |     1 |     1 ||     3
       Phantom mirror    |       |       |       |       |       |       |     1 |     1 ||     2
       Condenser vane    |       |       |       |       |       |       |       |     1 ||     1
  Use: Scroll            |     1 |     7 |     4 |    16 |    13 |    15 |    20 |    14 ||    90
       Potion            |       |       |     1 |       |     1 |    11 |     1 |    11 ||    25
 Stab: Sleeping          |     6 |     7 |     3 |    11 |    74 |    77 |   121 |    22 ||   321
       Distracted        |       |     1 |       |     1 |     8 |     6 |     4 |     1 ||    21
       Petrified         |       |       |    13 |    50 |    20 |    13 |       |       ||    96
       Petrifying        |       |       |     4 |    18 |    12 |    11 |       |       ||    45
       Paralysed         |       |       |       |       |       |     2 |       |     5 ||     7
       Invisible         |       |       |       |       |       |    16 |       |     9 ||    25
Armor: Robe              |    22 |   100 |    65 |    30 |       |       |       |       ||   217
       Acid dragon scale |       |       |       |   197 |   549 |   380 |   271 |    96 ||  1493
       Leather armour    |       |       |       |    24 |       |       |       |       ||    24
Dodge: Dodged            |    48 |   227 |   159 |   331 |   982 |   760 |   820 |   233 ||  3560
Block: Other             |       |    72 |    47 |    85 |       |       |       |       ||   204
       Reflection        |       |       |     5 |     3 |    11 |       |       |       ||    19
       Buckler           |       |       |       |       |   843 |  1004 |   733 |       ||  2580
       Kite shield       |       |       |       |       |       |       |   366 |   291 ||   657

Table legend: (Time is in decaauts)
 A = Elapsed time spent in this place.
 B = Non-inter-level travel time spent in this place.
 C = Inter-level travel time spent in this place.
 D = Time resting spent in this place.
 E = Time spent auto-exploring this place.
 F = Levels seen in this place.
 G = Mean time per level.
                   A        B        C        D        E       F      G
               +--------+--------+--------+--------+--------+-----+--------+
         Total |  58695 |  53545 |   5150 |   5214 |  35790 |  51 | 1150.9 |
       Dungeon |  21114 |  18183 |   2931 |    258 |  14336 |  15 | 1407.6 |
        Temple |     16 |      9 |      7 |      0 |      0 |   1 |   16.0 |
          Lair |  10619 |   9890 |    729 |   1768 |   6121 |   6 | 1769.8 |
         Swamp |   5671 |   5340 |    331 |    670 |   3644 |   4 | 1417.8 |
        Shoals |   5992 |   5819 |    173 |    514 |   3775 |   4 | 1498.0 |
  Orcish Mines |   1970 |   1911 |     59 |    292 |   1034 |   2 |  985.0 |
        Vaults |   7158 |   6559 |    599 |    167 |   4694 |   5 | 1431.6 |
        Depths |   3352 |   3119 |    233 |    632 |   1411 |   5 |  670.4 |
           Zot |   1575 |   1490 |     85 |    824 |    264 |   5 |  315.0 |
         Abyss |    341 |    341 |      0 |     59 |     93 |   3 |  113.7 |
        Wizlab |    882 |    882 |      0 |     29 |    416 |   1 |  882.0 |
               +--------+--------+--------+--------+--------+-----+--------+

Top non-repeatable levels by time:
    D:11: 2641 daAuts
  Lair:1: 2213 daAuts
  Lair:3: 2207 daAuts
Depths:5: 2192 daAuts
  Lair:2: 2066 daAuts
    D:12: 2020 daAuts
  Lair:6: 2009 daAuts
Vaults:4: 2008 daAuts
     D:7: 1923 daAuts
 Swamp:2: 1852 daAuts
Vaults:1: 1818 daAuts
Vaults:3: 1746 daAuts
Shoals:1: 1699 daAuts
     D:6: 1564 daAuts
 Swamp:1: 1518 daAuts
